Macaroni, chaotic male elven Priest ---------- +........- # |..+.....| ------------ ######.........| f@a...<......| # |........| # |...........#B###l --------.- + + ### |..........| # # # |........l.| $## # ### |..........| # # # |........... # # #%# ------------ # # # # ## # -.---.-----# |.........-# |.........| |.........| ----------- Macaroni the Adept Experience level: 6 Strength: 14 Dexterity: 12 Constitution: 12 Intelligence: 9 Wisdom: 20 Charisma: 9 Health: 0(52) Energy: 122(122) Def: 7 Gold: 0 Moves: 3447 Dungeon seed: VH6neUkPO5pP6Tf7 Game ID: Macaroni_1614392105 Your Inventory: Weapons a - a blessed corroded +1 mace (weapon in hand) k - 4 +2 darts A - a +1 aklys D - 8 +0 arrows E - a +0 bow (alternate weapon; not wielded) P - 12 +0 darts (in quiver) Armor e - a +0 robe (being worn) n - a +0 small shield (being worn) z - a blessed +1 pair of iron shoes (being worn) N - a blessed +0 orcish helm (being worn) Comestibles c - a clove of garlic d - a sprig of wolfsbane u - a partly eaten food ration L - 2 tripe rations Scrolls o - a blessed scroll of magic mapping s - a blessed scroll of remove curse v - a scroll of enchant weapon Spellbooks f - a spellbook of extra healing g - a spellbook of light i - a spellbook of healing Potions b - 4 potions of holy water r - a potion of blindness O - a potion of paralysis Rings p - a ring of sustain ability (on left hand) Tools h - a tooled horn j - a lock pick w - a +0 pick-axe C - a magic whistle I - a leash J - a partly used tallow candle (0:167) Gems q - a worthless piece of black glass y - a worthless piece of orange glass G - a citrine stone M - 2 worthless pieces of red glass Y - 3 worthless pieces of green glass Spells and supernatural/magical abilities: Name Level Category Fail Memory l - light 1 divination 0% 83% x - extra healing 3 healing 57% 83% W - pray for help -- divine ? -- X - turn undead -- divine ? -- Your skills at the end: Fighting Skills Weapon Skills mace [Basic] Spellcasting Skills clerical spells [Basic] Final Attributes: You were piously aligned. You were sleep resistant. You had infravision. You had fixed abilities. You were lucky. You are dead. Vanquished creatures: a quivering blob 9 leprechauns an orc shaman a rock mole 2 shriekers a violet fungus 3 gnome lords a giant ant a little dog 2 floating eyes a kitten 3 dwarves a giant bat 2 dwarf zombies a werejackal an iguana an acid blob a coyote a hobbit a hobgoblin 2 yellow molds 8 gnomes a gnome zombie 4 jackals 2 foxes a kobold a goblin 2 sewer rats 5 grid bugs 7 lichens 2 kobold zombies 6 newts 76 creatures vanquished. Voluntary challenges: You were an atheist. You used a wielded weapon 125 times, starting on turn 9. You read items or engraved 2 times, starting on turn 296. You never genocided any monsters. You never polymorphed an object. You never changed form. You used no wishes. You never split a pudding. You never wrote Elbereth's name. You never violated your personal moral code. Dungeon overview: The Dungeons of Doom: levels 1 to 7 Level 1 a long staircase Level 2 a fountain Level 3 a jewelry store, an altar to Ishtar Level 4 a fountain stairs to The Gnomish Mines Level 5 a fountain Level 6 a jewelry store Level 7 <- You were here The Gnomish Mines: levels 5 to 6 Level 5 stairs to The Dungeons of Doom Level 6 History has recorded: On T:1 you entered the Dungeons of Doom to retrieve the Amulet of Yendor! On T:337 you reached level 2 of The Dungeons of Doom. On T:398 you advanced to experience level 2. On T:709 you reached level 3 of The Dungeons of Doom. On T:917 you advanced to experience level 3. On T:1021 you reached level 4 of The Dungeons of Doom. On T:1382 you advanced to experience level 4. On T:1560 you reached level 1 of The Gnomish Mines. On T:1608 you advanced to experience level 5. On T:2114 you reached level 2 of The Gnomish Mines. On T:2373 you reached level 5 of The Dungeons of Doom. On T:2732 you reached level 6 of The Dungeons of Doom. On T:3038 you reached level 7 of The Dungeons of Doom. On T:3199 you advanced to experience level 6. Score breakdown: Gold: 0 ( 0 points) Experience: 6 levels (12456 points) Exploration: 7 levels ( 14.00%) (10497 points) Discoveries: 4 items ( 1.40%) ( 3547 points) Valuables value: (no points given unless you survive) Artifact value: 0 ( 0 points) Variety of kills: 32 monsters ( 8.40%) ( 8694 points) Turncount: 3447 turns ( -805 points) Survival: died (score multiplied by 80%) Total score: 27511 Latest messages: There are a few objects here. You displace Qwerty. Qwerty eats a leprechaun corpse. (2x) You displace Qwerty. You see here a kobold corpse. You displace Qwerty. You stop running. A giant ant blocks your way. You miss the giant ant. The giant ant bites! (2x) You miss the giant ant. The giant ant bites! You hit the giant ant. The giant ant misses. The giant ant bites! You miss the giant ant. The giant ant bites! You miss the giant ant. The giant ant misses. The giant ant bites! You miss the giant ant. The giant ant bites! You miss the giant ant. The giant ant bites! (2x) You die... Final status: Goodbye Macaroni the Priest, killed by a giant ant... You died in The Dungeons of Doom on dungeon level 7 with 27511 points, and 0 pieces of gold, after 3447 moves. You were level 6 with a maximum of 52 hit points when you died.